 Dungeon Crawl Stone Soup version 0.29-a0-1023-g6ae1a4a2c7 (webtiles) character file.

Game seed: 3963818428221198622

445469 wingedge the Devastator (level 25, -13/192 HPs)
             Began as a Human Wanderer on Aug 11, 2022.
             Was the Champion of Vehumet.
             Killed from afar by a quicksilver elemental (30 damage)
             ... with a bolt of dispelling energy
             ... on level 4 of the Abyss on Aug 12, 2022.
             The game lasted 06:33:20 (53141 turns).

wingedge the Devastator (Human Wanderer)           Turns: 53141, Time: 06:33:20

Health: -13/192    AC: 15    Str: 20      XL:     25   Next: 2%
Magic:  3/52       EV: 21    Int: 24 (26) God:    Vehumet [******]
Gold:   34         SH:  0    Dex: 25      Spells: 8/56 levels left

rFire   + + +      SeeInvis .   U - +7 eveningstar of the Hurling Moth {spect, rElec rF+ rC- Str+3}
rCold   x . .      Faith    .   q - +4 tower shield "Fuith" {Int+4}
rNeg    . . .      Spirit   .   T - +1 robe of Starshine {Will- Dex+5 Slay+3 Archmagi}
rPois   +          Reflect  .   u - +4 helmet of Hopscotch {rPois Will+ MP+9 Int+2}
rElec   +          Harm     .   X - scarf {repulsion}
rCorr   +          Rampage  .   s - +2 pair of gloves of Pathos {Drain +Inv Regen+ Dex+9}
Will    ++...      Archmagi +   S - +2 pair of boots
Stlth   +......... Clarity  +   F - amulet of magic regeneration
HPRegen 1.22/turn               W - ring of protection from cold
MPRegen 0.73/turn               A - ring "Ottass" {Fly rF++ rC- rCorr Slay+6}

@: confused, ambrosia-drunk, flying, hasted (expiring), studying 3 skills, repel
missiles, unable to read, very quick
A: talons 1, clarity, strong-willed 1, strong 1, [deterioration 2], [dopey 2],
[subdued magic 2], [inability to read while threatened 2]
}: 3/15 runes: barnacled, slimy, gossamer
a: Renounce Religion, Evoke Invisibility


You were on level 4 of the Abyss.
You worshipped Vehumet.
Vehumet was exalted by your worship.
You visited 9 branches of the dungeon, and saw 43 of its levels.
You visited the Abyss 1 time.
You visited 1 bazaar.
You also visited: Trove, Sewer, Bailey, Gauntlet and Wizlab.

You collected 5298 gold pieces.
You spent 5264 gold pieces at shops.

Inventory:

Hand Weapons
 a - the +8 war axe "Onaaf" {freeze, Will+ Int+4}
   (You found it in a bailey)

   It freezes those it strikes, dealing additional cold damage.
   It can also slow down cold-blooded creatures.
   Int:       It affects your intelligence (+4).
   Will:      It increases your willpower.
 c - the +8 war axe "Wooth" {flame, rCorr Dex+2}
   (You took it off a minotaur in a Gauntlet)

   It burns those it strikes, dealing additional fire damage.
   Big, fiery blades are also staple armaments of hydra-hunters.
   Dex:       It affects your dexterity (+2).
   rCorr:     It protects you from acid and corrosion.
 e - a +0 flail of holy wrath
 Q - the +11 executioner's axe "Qixt" {antimagic, rPois Str+4 Dex+3}
   (You found it in a treasure trove)

   It reduces the magical energy of the wielder, and disrupts the spells and
   magical abilities of those it strikes.
   Natural abilities and divine invocations are not affected.
   Str:       It affects your strength (+4).
   Dex:       It affects your dexterity (+3).
   rPois:     It protects you from poison.
 R - the +13 lance "Wyrmbane" {slay drac, rPois rF+ rC+ AC+3}
   (You found it in a treasure trove)

   It inflicts extra damage against dragons and draconians.
   AC:        It affects your AC (+3).
   rF:        It protects you from fire.
   rC:        It protects you from cold.
   rPois:     It protects you from poison.
 U - the +7 eveningstar of the Hurling Moth (weapon) {spect, rElec rF+ rC- Str+3}
   (You found it in a treasure trove)

   When its wielder attacks, the weapon's spirit leaps out and strikes again.
   The spirit shares a part of any damage it takes with its wielder.
   Str:       It affects your strength (+3).
   rF:        It protects you from fire.
   rC:        It makes you vulnerable to cold.
   rElec:     It insulates you from electricity.
Missiles
 x - 6 throwing nets (quivered)
 P - 7 silver javelins
Armour
 q - the +4 tower shield "Fuith" (worn) {Int+4}
   (You acquired it on level 3 of the Vaults)

   Int:       It affects your intelligence (+4).
 s - the +2 pair of gloves of Pathos (worn) {Drain +Inv Regen+ Dex+9}
   (You found it on level 4 of the Shoals)

   Dex:       It affects your dexterity (+9).
   +Inv:      It lets you turn invisible.
   Regen:     It increases your rate of health regeneration.
   Drain:     It drains your maximum health when unequipped.
 u - the +4 helmet of Hopscotch (worn) {rPois Will+ MP+9 Int+2}
   (You bought it in a shop on level 10 of the Dungeon)

   Int:       It affects your intelligence (+2).
   rPois:     It protects you from poison.
   MP:        It affects your magic capacity (+9).
   Will:      It increases your willpower.
 S - a +2 pair of boots (worn)
 T - the +1 robe of Starshine (worn) {Will- Dex+5 Slay+3 Archmagi}
   (You took it off an ironbound thunderhulk on level 1 of the Vaults)

   Dex:       It affects your dexterity (+5).
   Slay:      It affects your accuracy & damage with ranged weapons and melee
   (+3).
   Archmagi:  It increases the power of your magical spells.
   Will:      It decreases your willpower.
 X - a scarf of repulsion (worn)
Magical Staves
 b - a staff of conjuration
 d - a staff of fire
 v - a staff of earth
Jewellery
 g - the amulet of the Four Winds {rN+ Will+++ Clar}
   (You found it on level 1 of the Shoals)

   [amulet of nothing]

   rN:        It protects you from negative energy.
   Clar:      It protects you against confusion.
   Will:      It greatly increases your willpower.
 h - a +6 ring of intelligence
 w - a ring of wizardry
 A - the ring "Ottass" (right hand) {Fly rF++ rC- rCorr Slay+6}
   (You took it off a deep elf sorcerer on level 3 of the Elven Halls)

   [ring of resist corrosion]

   Slay:      It affects your accuracy & damage with ranged weapons and melee
   (+6).
   rF:        It greatly protects you from fire.
   rC:        It makes you vulnerable to cold.
   Fly:       It grants you flight.
   rCorr:     It protects you from acid and corrosion.
 E - a +6 ring of strength
 F - an amulet of magic regeneration (around neck)
 J - a ring of see invisible
 V - a ring of positive energy
 W - a ring of protection from cold (left hand)
Wands
 C - a wand of acid (9)
 Z - a wand of digging (6)
Scrolls
 i - a scroll of summoning
 j - a scroll of blinking
 n - 14 scrolls of teleportation
 o - 5 scrolls of magic mapping
 t - 4 scrolls of enchant weapon
 G - 2 scrolls of torment
 H - 5 scrolls of vulnerability
 O - 5 scrolls of immolation
Potions
 f - 2 potions of brilliance
 k - a potion of invisibility
 m - 8 potions of lignification
 p - 5 potions of mutation
 z - a potion of might
 B - 6 potions of berserk rage
 D - 3 potions of resistance
 I - a potion of curing
 K - 5 potions of ambrosia
 N - a potion of haste
 Y - a potion of cancellation
Miscellaneous
 r - a condenser vane
 y - a box of beasts (inert)
 L - a phantom mirror


   Skills:
 + Level 14.4 Fighting
 - Level 8.9(10.7) Axes
 - Level 5.5(8.0) Maces & Flails
 + Level 7.7(9.6) Polearms
 - Level 5.0 Throwing
 - Level 7.0 Armour
 - Level 12.0 Dodging
 - Level 14.0 Shields
 + Level 16.3 Spellcasting
 + Level 18.7 Conjurations
 - Level 6.0 Summonings
 - Level 7.0 Necromancy
 - Level 4.0 Transmutations
 + Level 15.9 Fire Magic
 - Level 7.0 Ice Magic
 - Level 4.0 Air Magic
 + Level 8.9 Earth Magic
 - Level 6.0 Evocations


You had 8 spell levels left.
You knew the following spells:

 Your Spells              Type           Power      Damage    Failure   Level
a - Sublimation of Blood  Necr           49%        N/A       1%          2
b - Borgnjor's Vile Clut  Necr/Erth      26%        N/A       8%          5
c - Ozocubu's Armour      Ice            49%        N/A       1%          3
d - Spellforged Servitor  Conj/Summ      32%        N/A       13%         7
e - Wereblood             Tmut           36%        N/A       1%          2
g - Sticky Flame          Conj/Fire      77%        2d9       0%          4
h - Fireball              Conj/Fire      38%        3d16      1%          5
i - Starburst             Conj/Fire      38%        6d11      1%          6
j - Orb of Destruction    Conj           40%        9d11      1%          7
k - Lee's Rapid Deconstr  Erth           28%        3d16*     1%          5
l - Blink                 Tloc           36%        N/A       12%         2

Your spell library contained the following spells:

 Spells                   Type           Power      Damage    Failure   Level
 Maxwell's Capacitive Co  Air            18%        ∞         100%        8
 Fire Storm               Conj/Fire      38%        8d10      87%         9
 Shatter                  Erth           28%        3d23*     100%        9
 Foxfire                  Conj/Fire      100%       2x1d9     0%          1
 Conjure Flame            Conj/Fire      77%        6-21      0%          3
 Stone Arrow              Conj/Erth      100%       3d13      0%          3
 Beastly Appendage        Tmut           72%        N/A       1%          1
 Freeze                   Ice            100%       1d11      1%          1
 Passwall                 Tmut/Erth      39%        N/A       1%          2
 Poisonous Vapours        Pois/Air       54%        N/A       1%          2
 Static Discharge         Conj/Air       62%        3-11/arc  1%          2
 Call Canine Familiar     Summ           45%        N/A       1%          3
 Dazzling Flash           Conj/Hex       100%       N/A       1%          3
 Frozen Ramparts          Ice            98%        1d15      1%          3
 Ignite Poison            Fire/Tmut/Pois 48%        N/A       1%          3
 Inner Flame              Hex/Fire       52%        N/A       1%          3
 Vampiric Draining        Necr           49%        2d9       1%          3
 Fulminant Prism          Conj/Hex       28%        3d14      1%          4
 Hailstorm                Conj/Ice       66%        3d14      1%          4
 Iskenderun's Mystic Bla  Conj/Tloc      57%        2d12      1%          4
 Irradiate                Conj/Tmut      31%        3d22      1%          5
 Iskenderun's Battlesphe  Conj           80%        2d13      1%          5
 Iron Shot                Conj/Erth      34%        9d7       1%          6
 Sting                    Tmut/Pois      100%       1d8       2%          1
 Ensorcelled Hibernation  Hex/Ice        68%        N/A       2%          2
 Swiftness                Air            36%        N/A       3%          3
 Animate Armour           Summ/Erth      100%       N/A       3%          4
 Animate Dead             Necr           49%        N/A       3%          4
 Dispel Undead            Necr           49%        3d18      3%          4
 Conjure Ball Lightning   Conj/Air       31%        3x3d10    3%          6
 Petrify                  Tmut/Erth      47%        N/A       4%          4
 Summon Ice Beast         Ice/Summ       47%        N/A       4%          4
 Slow                     Hex            72%        N/A       7%          1
 Spider Form              Tmut/Pois      27%        N/A       10%         3
 Agony                    Necr           49%        N/A       12%         5
 Leda's Liquefaction      Hex/Erth       19%        N/A       13%         4
 Corpse Rot               Necr/Pois/Air  34%        N/A       17%         4
 Ignition                 Fire           37%        3d11      21%         8
 Olgreb's Toxic Radiance  Pois           18%        N/A       22%         4
 Confusing Touch          Hex            18%        N/A       24%         3
 Gell's Gravitas          Tloc           18%        N/A       24%         3
 Lesser Beckoning         Tloc           18%        N/A       24%         3
 Portal Projectile        Hex/Tloc       36%        N/A       24%         3
 Teleport Other           Tloc           18%        N/A       24%         3
 Blade Hands              Tmut           18%        N/A       43%         5
 Lehudib's Crystal Spear  Conj/Erth      34%        10d9      45%         8
 Summon Mana Viper        Hex/Summ       31%        N/A       56%         5
 Death Channel            Necr           24%        N/A       58%         6
 Cause Fear               Hex            9%         N/A       65%         4
 Ozocubu's Refrigeration  Ice            24%        4d12      71%         7
 Silence                  Hex/Air        13%        N/A       73%         5
 Manifold Assault         Tloc           18%        N/A       95%         5
 Dispersal                Tloc           9%         N/A       100%        6
 Monstrous Menagerie      Summ           22%        N/A       100%        7
 Storm Form               Tmut/Air       18%        N/A       100%        7
 Discord                  Hex            9%         N/A       100%        8
 Disjunction              Tloc           9%         N/A       100%        8
 Summon Horrible Things   Summ           22%        N/A       100%        8


Dungeon Overview and Level Annotations

Branches:
Dungeon (15/15)            Temple (1/1) D:4            Lair (5/5) D:8
 Shoals (4/4) Lair:3       Spider (4/4) Lair:3        Slime (5/5) Lair:4
    Orc (2/2) D:11            Elf (3/3) Orc:2        Vaults (4/5) D:14
  Crypt (0/3) Vaults:2     Depths (0/4) D:15          Sewer (visited)
 Bailey (visited)          WizLab (visited)         Gauntlet (visited)

Altars:
Ashenzari
Cheibriados
Dithmenos
Elyvilon
Fedhas
Gozag
Hepliaklqana
Kikubaaqudgha
Makhleb
Okawaru
Qazlal
Ru
Trog
Vehumet
Zin
The Shining One
Jiyva
Lugonu

Shops:
D:3 (   D:6 *   D:8 *   D:10 *[   D:11 [(*   Orc:1 (   Orc:2 (*([=!   Elf:3 :=:
Shoals:2 :   Vaults:4 !

Portals:
Abyss: Lair:5

Annotations:
Elf:2 1 runed translucent door


Innate Abilities, Weirdness & Mutations

You have sharp toenails.
You possess an exceptional clarity of mind.
You are strong-willed. (Will+)
Your muscles are strong. (Str +4, Int/Dex -1)
[Your body often deteriorates upon taking damage.]
[You are very dopey. (Int -4)]
[Your spells are easier to cast, but less powerful.]
[You sometimes lose the ability to read scrolls when taking damage.]


Message History

* * * LOW HITPOINT WARNING * * *
You cannot read scrolls in your current state!
You feel yourself speed up.
You block the quicksilver elemental's attack.
You block the chaos spawn's attack.
You feel better.
You feel better. You block the chaos spawn's attack.
Casting: Lee's Rapid Deconstruction (mildly dangerous; 1% risk of failure)
Confirm with . or Enter, or press ? or * to list all spells.
Casting: Starburst (mildly dangerous; 1% risk of failure)
Press: ? - help, Dir - look around, f - activate You feel a surge of power!
The bolt of fire hits the chaos spawn!!
The chaos spawn is severely wounded.
The bolt of fire hits the wretched star!
The wretched star resists.
The wretched star is moderately damaged.
The bolt of fire hits the quicksilver elemental.
The quicksilver elemental completely resists.
The quicksilver elemental is moderately damaged.
You block the quicksilver elemental's attack.
The wretched star pulses with an eldritch light!
You feel yourself wasting away.
You feel your body start to fall apart. You block the chaos spawn's attack.
You feel better. The quicksilver elemental hits you!!
* * * LOW HITPOINT WARNING * * *
You feel your power leaking away.
The wretched star glows turbulently.
The lance of force hits you!!
* * * LOW HITPOINT WARNING * * *
You are knocked back by the lance of force.
You slam into the metal wall!
* * * LOW HITPOINT WARNING * * *
You feel better. You block the chaos spawn's attack.
You block the quicksilver elemental's attack.
You are confused.
You feel invigorated.
The quicksilver elemental breathes dispelling energy at you.
The bolt of dispelling energy hits you!!
Your magical effects are unravelling.
You die...

#. ##. # #
#..## # # .
#..# ### #.
#.#.. ### ##
# ##.# ..#..
.....# ##
##.#.....#..
. #. #.#
##.#...#.# .
. #....
#4@.##. . .
..
#...*E#.#....
. ∩.
#..#.#.###.##
.##.
.....##.###.
. . # # # #
..... #)# #.#
. # .###. .#)
. .# #. #. #
4. #. ... ..
.. #. #


You could see a quicksilver elemental (catching breath), a wretched star and a
chaos spawn.

Vanquished Creatures
  the Royal Jelly (Slime:5)
  Dissolution (Slime:2)
  The ghost of Hynwimna the Slayer, a veteran MiGl of Okawaru (Elf:3)
  2 bone dragons
  Rupert (D:14)
  2 liches
  Asterion (Spider:2)
  3 deep elf blademasters (Elf:3)
  14 acid blobs
  2 deep elf master archers (Elf:3)
  5 tentacled starspawn
  A kraken (Shoals:3)
  A sphinx (Vaults:4)
  2 storm dragons
  A shadow dragon (Vaults:2)
  Kirke (Elf:1)
  The ghost of quinnr the Cloud Mage, an adept TeAE of Vehumet (Vaults:1)
  8 azure jellies
  5 rockslimes
  2 frost giants (Vaults:3)
  4 ghost moths
  10 deep elf sorcerers (Elf:3)
  An orc warlord (Vaults:1)
  7 emperor scorpions
  14 vault wardens
  A balrug (Abyss:4)
  Louise (D:14)
  4 deep elf elementalists (Elf:3)
  A draconian annihilator (WizLab)
  7 ironbound preservers
  11 quicksilver oozes
  5 very ugly things
  A war gargoyle (Vaults:3)
  2 stone giants (Vaults:1)
  7 ironbound thunderhulks
  2 eleionomae (Shoals:1)
  2 deep elf demonologists (Elf:3)
  2 spark wasps
  8 entropy weavers
  A red draconian (Abyss:2)
  6 dire elephants
  A minotaur (Gauntlet)
  7 deep elf annihilators (Elf:3)
  6 purple draconians
  2 bunyips
  9 merfolk impalers
  3 crystal guardians
  4 merfolk javelineers (Shoals:4)
  8 statues (WizLab)
  Josephine (D:14)
  The ghost of Fetysam the Nimble, a journeyman GnWn of Uskayaw (D:13)
  3 ettins
  A blizzard demon (Abyss:4)
  A jiangshi (Vaults:2)
  10 yaktaur captains
  A deep elf death mage (Elf:3)
  10 great orbs of eyes
  7 deep elf high priests
  2 rakshasas
  Fannar (Lair:2)
  A hell beast (Elf:3)
  4 boulder beetles
  3 peacekeepers
  8 hydras
  11 ironbound frosthearts
  An ogre mage (Vaults:4)
  A catoblepas (D:13)
  A merfolk avatar (Shoals:4)
  4 vault guards
  3 jorogumos
  A spriggan skeleton (Abyss:4)
  3 alligator snapping turtles
  7 merfolk aquamancers
  6 two-headed ogres
  A death yak (Lair:4)
  4 centaur warriors
  A death knight (D:15)
  3 radroaches
  4 satyrs
  27 dancing weapons
  2 tengu warriors
  3 orc high priests
  4 hell hogs (Abyss:2)
  16 thrashing horrors
  13 deep elf knights
  3 wretched stars
  3 sixfirhies
  12 sea snakes
  19 deep trolls
  5 pharaoh ants
  5 steelbarb worms
  3 glowing orange brains
  Lodul (D:14)
  12 orb spiders
  20 ironbound convokers
  4 phantasmal warriors
  An orange crystal statue (Elf:3)
  9 lindwurms
  A necromancer (Vaults:2)
  Pikel (D:4)
  20 deep elf pyromancers
  11 wizards
  18 deep elf archers
  13 harpies
  7 orc knights
  23 ugly things
  20 wolf spiders
  3 oklob plants
  3 orc sorcerers
  25 deep elf zephyrmancers
  32 fauns
  4 shining eyes
  3 worldbinders
  14 manticores
  7 cyclopes
  4 nameless horrors
  2 apocalypse crabs (Abyss:3)
  8 elephants (Lair:5)
  5 black mambas
  2 moths of wrath
  8 merfolk sirens
  9 water nymphs
  4 torpor snails
  11 cane toads
  8 smoke demons
  A minotaur zombie (Gauntlet)
  12 vault sentinels
  2 gargoyles
  4 eyes of devastation
  An unseen horror (Abyss:2)
  An orange demon (Abyss:1)
  3 rime drakes
  3 kobold demonologists
  6 komodo dragons
  An ice devil (Abyss:2)
  Psyche (D:11)
  3 demonic crawlers
  3 efreet
  2 freezing wraiths (D:15)
  42 yaktaurs
  14 tengu conjurers
  6 ancient zymes
  A tormentor (Abyss:4)
  A hellwing (Abyss:2)
  8 trolls
  19 wind drakes
  2 polar bears
  A raiju (shapeshifter) (Elf:1)
  4 hornets (Spider:4)
  6 raiju
  28 merfolk
  27 tarantellas
  16 large abominations
  A tarantella (shapeshifter) (Vaults:3)
  33 blink frogs
  Grinder (D:5)
  80 slime creatures
  12 snapping turtles
  9 dream sheep
  A stone giant simulacrum (Abyss:2)
  2 flying skulls (Abyss:3)
  27 jumping spiders
  26 culicivoras
  5 ynoxinuls
  4 shadows
  19 yaks
  5 air elementals
  A vampire (D:14)
  4 spriggans
  29 water elementals
  2 wyverns
  7 wraiths
  An elf skeleton (Vaults:2)
  A golden eye (shapeshifter) (D:14)
  3 fire elementals (Elf:3)
  7 basilisks
  16 humans (D:14)
  5 hogs (Elf:1)
  4 golden eyes
  A steam dragon (D:9)
  7 chaos spawn
  5 neqoxecs
  48 redbacks
  5 vampire mosquitoes
  Menkaure (D:4)
  3 wargs
  2 acid dragons
  9 water moccasins
  A floating eye (shapeshifter) (Abyss:3)
  A floating eye (Slime:3)
  49 orc warriors
  A glowing shapeshifter skeleton (Vaults:2)
  3 ice beasts
  4 black bears
  24 starcursed masses
  20 ogres
  21 centaurs
  9 wolves
  A human skeleton (Vaults:2)
  25 small abominations
  A phantom (D:5)
  Blork the orc (D:5)
  5 kobold brigands
  2 gnoll sergeants
  8 bullfrogs
  6 earth elementals
  3 scorpions (D:6)
  15 wights
  4 killer bees (D:11)
  An electric eel (Spider:4)
  5 howler monkeys
  13 orc priests
  5 jellies
  A quasit (Abyss:2)
  2 gnoll boudas
  5 hounds
  Crazy Yiuf (D:4)
  4 iguanas
  25 orc wizards
  12 hell rats
  17 gnolls
  5 adders
  A river rat (D:5)
  2 shadow imps
  3 white imps
  2 ufetubi
  A worm (D:2)
  5 dart slugs
  84 orcs
  7 ball pythons
  4 endoplasms
  5 giant cockroaches
  11 goblins
  5 hobgoblins
  11 jackals
  3 quokkas (D:1)
  8 bats
  A frilled lizard (D:1)
  31 kobolds
  3 rats
  A lurking horror (Abyss:4)
  4 starspawn tentacles
  4 tentacles (Shoals:3)
1825 creatures vanquished.

Vanquished Creatures (collateral kills)
  A bone dragon (Abyss:2)
  4 acid blobs
  An Executioner (Abyss:2)
  A deep elf blademaster (Elf:2)
  A sphinx (Vaults:3)
  A revenant (Abyss:3)
  2 rockslimes (Slime:5)
  A frost giant (Vaults:3)
  A deep elf sorcerer (Elf:3)
  A very ugly thing (Vaults:3)
  3 quicksilver oozes
  A deep elf annihilator (Elf:3)
  5 purple draconians (WizLab)
  A statue (WizLab)
  An ettin (Vaults:3)
  2 yaktaur captains (Vaults:3)
  2 deep elf high priests (Elf:3)
  A peacekeeper (Vaults:3)
  3 great orbs of eyes
  A dancing weapon (Elf:2)
  2 thrashing horrors (Abyss:3)
  2 wretched stars (Abyss:4)
  A sixfirhy (Abyss:2)
  A lindwurm (Vaults:3)
  A deep elf zephyrmancer (Elf:1)
  2 vault sentinels (Vaults:3)
  A smoke demon (Abyss:2)
  2 yaktaurs (Vaults:3)
  An ancient zyme (Abyss:3)
  A tormentor (Abyss:4)
  3 raiju
  15 slime creatures
  4 starcursed masses
  A wraith (Vaults:2)
  2 fire elementals
  A small abomination (Abyss:2)
  A white imp (Abyss:2)
  A starspawn tentacle (Abyss:4)
76 creatures vanquished.

Vanquished Creatures (others)
  Mara (Vaults:4)
  A ghost moth (Abyss:2)
  An orc high priest (Vaults:1)
  A wretched star (Abyss:3)
  2 orc knights (Vaults:1)
  A slime creature (Slime:2)
  A starcursed mass (Abyss:4)
  A neqoxec (Abyss:3)
  23 ball lightnings
  2 bushes (Lair:5)
  444 foxfires
  18 fungi
  A lurking horror (Abyss:4)
  151 plants
  6 starspawn tentacles
  2 tentacles (Shoals:3)
  11 toadstools (D:10)
667 creatures vanquished.

Grand Total: 2568 creatures vanquished

Notes
Turn   | Place    | Note
-------+----------+-------------------------------------------
     0 | D:1      | wingedge the Human Wanderer began the quest for the Orb.
     0 | D:1      | wingedge set off with the following items: a +0 spear, a +0
                  | buckler, a scroll of butterflies, a +0 robe; and the
                  | following spell memorised: Foxfire; and the following
                  | spells available to memorise: Conjure Flame, Ignite Poison.
     0 | D:1      | Reached XP level 1. HP: 15/15 MP: 2/2
    74 | D:1      | Found a faded altar of an unknown god.
   108 | D:1      | Reached skill level 1 in Conjurations
   164 | D:1      | Reached XP level 2. HP: 18/21 MP: 2/4
   831 | D:1      | Reached XP level 3. HP: 26/26 MP: 6/6
  1233 | D:1      | Reached skill level 2 in Conjurations
  1483 | D:1      | Reached skill level 1 in Ice Magic
  1697 | D:2      | Identified the +2 hand axe "wingedge's Peril" {venom,
                  | Fragile Fly Str+10 Stlth-}
  1893 | D:2      | Reached XP level 4. HP: 32/32 MP: 5/7
  1962 | D:2      | Learned a level 1 spell: Freeze
  2170 | D:3      | Noticed an ogre
  2176 | D:3      | Killed an ogre
  2177 | D:3      | Reached skill level 1 in Transmutations
  2177 | D:3      | Reached XP level 5. HP: 38/38 MP: 4/9
  2206 | D:3      | Found a broken altar of Ashenzari.
  2396 | D:3      | Found Ukhekhlepn's Weapon Boutique.
  2414 | D:3      | Reached XP level 6. HP: 36/44 MP: 6/10
  2950 | D:4      | Found a staircase to the Ecumenical Temple.
  2967 | Temple   | Entered the Ecumenical Temple
  2975 | Temple   | Became a worshipper of Vehumet
  3010 | D:4      | Reached skill level 3 in Conjurations
  3323 | D:4      | Learned a level 3 spell: Ozocubu's Armour
  3327 | D:4      | Learned a level 3 spell: Frozen Ramparts
  3567 | D:4      | Found a runed translucent door.
  3568 | D:4      | Noticed Crazy Yiuf
  3580 | D:4      | Killed Crazy Yiuf
  3782 | D:4      | Noticed Pikel
  3792 | D:3      | Learned a level 2 spell: Wereblood
  3853 | D:4      | Noticed Menkaure
  3857 | D:4      | Killed Menkaure
  3858 | D:4      | Reached XP level 7. HP: 25/50 MP: 11/11
  3867 | D:4      | Killed Pikel
  3868 | D:4      | Reached skill level 5 in Ice Magic
  3868 | D:4      | Reached XP level 8. HP: 10/56 MP: 7/14
  4250 | D:5      | Entered Level 5 of the Dungeon
  4256 | D:5      | Found a glowing drain.
  4270 | Sewer    | Entered a sewer
  4558 | D:5      | Found a stormy altar of Qazlal.
  4908 | D:5      | Noticed Grinder
  4908 | D:5      | Noticed Blork the orc
  4911 | D:5      | Paralysed by Grinder for 2 turns
  4914 | D:5      | Paralysed by Grinder for 2 turns
  4919 | D:5      | Killed Blork the orc
  4920 | D:5      | Reached skill level 4 in Conjurations
  4932 | D:5      | Paralysed by Grinder for 3 turns
  5102 | D:5      | Paralysed by Grinder for 2 turns
  5103 | D:5      | Killed Grinder
  5321 | D:5      | Reached skill level 5 in Spellcasting
  5321 | D:5      | Reached XP level 9. HP: 42/65 MP: 16/16
  5326 | D:5      | Learned a level 4 spell: Hailstorm
  5331 | D:5      | Learned a level 4 spell: Sticky Flame
  5606 | D:4      | Gained mutation: Your muscles are strong. (Str +4, Int/Dex
                  | -1) [potion of mutation]
  5606 | D:4      | Gained mutation: You have sharp toenails. [potion of
                  | mutation]
  5606 | D:4      | Gained mutation: You are strong-willed. (Will+) [potion of
                  | mutation]
  5611 | D:4      | Reached skill level 5 in Conjurations
  5860 | D:5      | Found a bloodstained altar of Trog.
  5989 | D:5      | Found a shadowy altar of Dithmenos.
  6295 | D:5      | Reached * piety under Vehumet
  6295 | D:5      | Offered knowledge of Magic Dart by Vehumet.
  6418 | D:6      | Reached skill level 1 in Axes
  6574 | D:6      | Found a glowing silver altar of Zin.
  6635 | D:6      | Reached skill level 6 in Conjurations
  6868 | D:6      | Found Hupuikir's Profane Products.
  7025 | D:7      | Reached skill level 5 in Fire Magic
  7075 | D:7      | Noticed a cyclops
  7229 | D:6      | Reached XP level 10. HP: 65/71 MP: 15/19
  7231 | D:6      | Killed a cyclops
  7256 | D:7      | Reached ** piety under Vehumet
  7381 | D:7      | Offered knowledge of Poisonous Vapours by Vehumet.
  7390 | D:7      | Found an iron altar of Okawaru.
  7706 | D:7      | Found a burning altar of Makhleb.
  8028 | D:7      | Found a hazy altar of Hepliaklqana.
  8213 | D:8      | Found a flagged portal.
  8221 | Bailey   | Entered a bailey
  8418 | Bailey   | Identified the +12 short sword of Ytaagume {flame, rCorr
                  | Dex+6}
  8437 | Bailey   | Reached skill level 5 in Fighting
  8539 | Bailey   | Noticed a two-headed ogre
  8546 | Bailey   | Killed a two-headed ogre
  8547 | Bailey   | Reached skill level 5 in Dodging
  8547 | Bailey   | Reached XP level 11. HP: 21/79 MP: 1/23
  8846 | Bailey   | Identified the +8 war axe "Onaaf" {freeze, Will+ Int+4}
  9003 | D:8      | Noticed a two-headed ogre
  9009 | D:8      | Killed a two-headed ogre
  9010 | D:8      | Reached skill level 7 in Conjurations
  9188 | D:8      | Found Xuluv's Assorted Antiques.
  9307 | D:8      | Offered knowledge of Searing Ray by Vehumet.
  9338 | D:8      | Found a snail-covered altar of Cheibriados.
  9620 | D:8      | Found a glowing golden altar of the Shining One.
 10070 | D:8      | Found a staircase to the Lair.
 10141 | D:9      | Found an ancient bone altar of Kikubaaqudgha.
 10414 | D:9      | Reached *** piety under Vehumet
 10526 | D:9      | Found a sacrificial altar of Ru.
 10936 | D:10     | Entered Level 10 of the Dungeon
 11011 | D:10     | Offered knowledge of Fulminant Prism by Vehumet.
 11012 | D:10     | Reached skill level 8 in Conjurations
 11117 | D:10     | Found Didghath's Assorted Antiques.
 11139 | D:10     | Bought a scroll of enchant armour for 142 gold pieces
 11139 | D:10     | Bought a scroll of identify for 38 gold pieces
 11139 | D:10     | Bought a grey potion for 17 gold pieces
 11139 | D:10     | Bought an inky potion for 17 gold pieces
 11316 | D:10     | Found Elaugh's Antique Armour Emporium.
 11321 | D:10     | Bought a crude helmet for 247 gold pieces
 11321 | D:10     | Identified the +4 helmet of Hopscotch {rPois Will+ MP+9
                  | Int+2} (You bought it in a shop on level 10 of the Dungeon)
 11513 | D:10     | Reached **** piety under Vehumet
 11534 | D:10     | Found a blossoming altar of Fedhas.
 11550 | D:10     | Noticed an oklob plant
 11562 | D:10     | Killed an oklob plant
 12061 | Lair:1   | Entered Level 1 of the Lair of Beasts
 12157 | Lair:1   | Offered knowledge of Fireball by Vehumet.
 12164 | Lair:1   | Reached XP level 12. HP: 55/88 MP: 9/25
 12261 | Lair:1   | Learned a level 5 spell: Fireball
 12434 | Lair:1   | Found a glowing golden altar of the Shining One.
 12440 | Lair:1   | Noticed a six-headed hydra
 12444 | Lair:1   | Killed a six-headed hydra
 12774 | Lair:1   | Learned a level 6 spell: Starburst
 13153 | Lair:2   | Reached skill level 9 in Conjurations
 13322 | Lair:2   | Noticed Fannar
 13330 | Lair:2   | Killed Fannar
 13550 | Lair:2   | Noticed a boulder beetle
 13564 | Lair:2   | Killed a boulder beetle
 13565 | Lair:2   | Reached skill level 10 in Spellcasting
 13997 | Lair:3   | Noticed a six-headed hydra
 14004 | Lair:3   | Killed a six-headed hydra
 14006 | Lair:3   | Reached skill level 5 in Shields
 14067 | Lair:3   | Noticed a four-headed hydra
 14071 | Lair:3   | Killed a four-headed hydra
 14074 | Lair:3   | Reached XP level 13. HP: 96/96 MP: 15/27
 14190 | Lair:3   | Found a staircase to the Shoals.
 14237 | Lair:3   | Noticed a six-headed hydra
 14244 | Lair:3   | Killed a six-headed hydra
 14364 | Lair:3   | Found a hole to the Spider Nest.
 14375 | Lair:3   | Reached ***** piety under Vehumet
 14523 | Lair:3   | Offered knowledge of Spellforged Servitor by Vehumet.
 15164 | Lair:4   | Noticed a four-headed hydra
 15171 | Lair:4   | Killed a four-headed hydra
 15221 | Lair:4   | Reached skill level 10 in Fire Magic
 15416 | Lair:4   | Found a staircase to the Slime Pits.
 15417 | Lair:4   | Found a viscous altar of Jiyva.
 16126 | Lair:5   | Entered Level 5 of the Lair of Beasts
 16145 | Lair:5   | Noticed a five-headed hydra
 16146 | Lair:5   | Reached XP level 14. HP: 104/108 MP: 10/28
 16159 | Lair:5   | Reached skill level 5 in Axes
 16742 | Lair:5   | Reached skill level 10 in Conjurations
 16901 | Lair:5   | Reached skill level 11 in Conjurations
 17186 | Lair:5   | Found a corrupted altar of Lugonu.
 17186 | Lair:5   | Found a one-way gate to the infinite horrors of the Abyss.
 17595 | D:11     | Offered knowledge of Conjure Ball Lightning by Vehumet.
 17719 | D:11     | Found Sulergh's Weapon Shop.
 17719 | D:11     | Found a staircase to the Orcish Mines.
 17719 | D:11     | Found Voagemif's Armour Shop.
 17728 | D:11     | Bought a +0 kite shield for 58 gold pieces
 17839 | D:11     | Noticed Psyche
 17842 | D:11     | Killed Psyche
 17996 | D:11     | Found Ecvineil's Assorted Antiques.
 18004 | D:11     | Bought a scroll labelled PEAMOPRENALEU for 29 gold pieces
 18004 | D:11     | Bought a yellow potion for 26 gold pieces
 18239 | Orc:1    | Entered Level 1 of the Orcish Mines
 18250 | Orc:1    | Reached skill level 12 in Conjurations
 18324 | Orc:1    | Found Tikkipit's Weapon Shop.
 18400 | Orc:1    | Reached XP level 15. HP: 87/113 MP: 28/29
 18484 | Orc:1    | Offered knowledge of Eringya's Noxious Bog by Vehumet.
 18820 | Orc:2    | Entered Level 2 of the Orcish Mines
 19048 | Orc:2    | Found a staircase to the Elven Halls.
 19425 | Orc:2    | Offered knowledge of Lee's Rapid Deconstruction by Vehumet.
 19458 | Orc:2    | Found Fioneih's Firing Range.
 19494 | Orc:2    | Bought a throwing net for 39 gold pieces
 19494 | Orc:2    | Bought a throwing net for 39 gold pieces
 19779 | Orc:2    | Found Quasiulake's Assorted Antiques.
 19787 | Orc:2    | Bought a scroll of identify for 72 gold pieces
 19787 | Orc:2    | Bought a potion of heal wounds for 180 gold pieces
 19787 | Orc:2    | Bought a scroll of enchant armour for 270 gold pieces
 19806 | Orc:2    | Found Xaxzeato's Armour Boutique.
 19806 | Orc:2    | Found Xoyklesa's Jewellery Emporium.
 19809 | Orc:2    | Found Zomallo's Distillery.
 19811 | Orc:2    | Found Umuof's Weapon Shop.
 19820 | Orc:2    | Bought a ring of see invisible for 210 gold pieces
 19822 | Orc:2    | Bought a potion of resistance for 180 gold pieces
 19822 | Orc:2    | Bought a potion of invisibility for 144 gold pieces
 20029 | D:10     | Bought a pair of slimy gloves for 247 gold pieces
 20029 | D:10     | Identified the +1 pair of gloves "Uneagh" {rN+} (You bought
                  | it in a shop on level 10 of the Dungeon)
 20410 | Spider:1 | Entered Level 1 of the Spider Nest
 21857 | Spider:1 | Reached skill level 10 in Fighting
 22451 | D:12     | Learned a level 7 spell: Orb of Destruction
 22483 | D:12     | Reached ****** piety under Vehumet
 22770 | D:12     | Offered knowledge of Yara's Violent Unravelling by Vehumet.
 23356 | D:13     | Found a gate leading to a gauntlet.
 23365 | Gauntlet | Entered a Gauntlet
 23365 | Gauntlet | Found a transporter.
 23368 | Gauntlet | Found a transporter.
 23369 | Gauntlet | Found a transporter.
 23370 | Gauntlet | Found a transporter.
 23373 | Gauntlet | Found a transporter.
 23374 | Gauntlet | Found a transporter.
 23383 | Gauntlet | Found a transporter.
 23385 | Gauntlet | Found a transporter.
 23401 | Gauntlet | Found a transporter.
 23418 | Gauntlet | Found a transporter.
 23422 | Gauntlet | Found a transporter.
 23431 | Gauntlet | Found a transporter.
 23501 | Gauntlet | Found the +5 lochaber axe {reach-cleave, poleaxe}
 23585 | Gauntlet | Reached skill level 13 in Conjurations
 23588 | Gauntlet | Identified the +6 halberd of Transparent True Grit {vorpal,
                  | Fragile rPois rN+ Will+}
 23590 | Gauntlet | Identified the +2 cloak of the Unbroken {rN+ Int+4}
 23610 | Gauntlet | Reached XP level 16. HP: 122/122 MP: 20/31
 23636 | Gauntlet | Identified the +8 war axe "Wooth" {flame, rCorr Dex+2}
 23746 | D:13     | Reached skill level 1 in Throwing
 23885 | D:13     | Found a runed translucent gate.
 23885 | D:13     | Found a runed translucent gate.
 23885 | D:13     | Found a runed translucent gate.
 23899 | D:13     | Noticed Fetysam's ghost (journeyman GnWn)
 23912 | D:13     | Killed Fetysam's ghost
 24341 | D:14     | Noticed Lodul
 24341 | D:14     | Found a gate to the Vaults.
 24346 | D:14     | Killed Lodul
 24349 | D:14     | Noticed Rupert
 24354 | D:14     | Killed Rupert
 24589 | D:14     | Got Giebbere's Incunabulum of Combustion and the Escort
 24803 | D:14     | Noticed Louise
 24810 | D:14     | Killed Louise
 24811 | D:14     | Reached skill level 5 in Throwing
 24872 | D:14     | Noticed Josephine
 24874 | D:14     | Killed Josephine
 25382 | D:15     | Entered Level 15 of the Dungeon
 25503 | D:15     | Offered knowledge of Freezing Cloud by Vehumet.
 25603 | D:15     | Reached skill level 10 in Shields
 25769 | D:15     | Found a staircase to the Depths.
 26663 | Shoals:1 | Entered Level 1 of the Shoals
 26786 | D:8      | Bought a steaming leather armour for 231 gold pieces
 26786 | D:8      | Identified the +1 leather armour of the Disbelieving Gods
                  | {rCorr} (You bought it in a shop on level 8 of the Dungeon)
 27123 | Shoals:1 | Reached skill level 14 in Conjurations
 27195 | Shoals:1 | Identified a scroll of acquirement
 27204 | Shoals:1 | Acquired a staff of conjuration
 27302 | Shoals:1 | Found the amulet of the Four Winds {rN+ Will+++ Clar}
 27321 | Shoals:1 | Reached XP level 17. HP: 128/128 MP: 21/33
 28342 | Shoals:1 | Identified the +10 longbow of Destiny {freeze, Int+4}
 28472 | Shoals:2 | Reached skill level 15 in Conjurations
 28677 | Shoals:2 | Identified the amulet "Laliki Netusk" {Acrobat *Slow Will+
                  | Dex+3}
 28824 | Shoals:2 | Found Fuaguf's Vocational Training.
 29395 | Shoals:3 | Offered knowledge of Ignition by Vehumet.
 29685 | Shoals:3 | Reached skill level 10 in Dodging
 29737 | Shoals:3 | Learned a level 6 spell: Conjure Ball Lightning
 29899 | Shoals:3 | Noticed a kraken
 29904 | Shoals:3 | Killed a kraken
 29951 | Shoals:3 | Reached skill level 1 in Air Magic
 30036 | Shoals:4 | Entered Level 4 of the Shoals
 30081 | Shoals:4 | Reached XP level 18. HP: 71/134 MP: 23/35
 30321 | Shoals:4 | Identified the +5 leather armour "Ycecibbe" {Dex+4 Slay+3
                  | Stlth+}
 30322 | Shoals:4 | Paralysed by an air elemental for 1 turns
 30636 | Shoals:4 | Identified the +0 chain mail of Hohour {rN+ Regen+ Dex+3}
 31195 | Shoals:4 | Identified the +2 pair of gloves of Pathos {Drain +Inv
                  | Regen+ Dex+9}
 31218 | Shoals:4 | Identified the +0 cloak of the Special Dreams {Rampage}
 31224 | Shoals:4 | Got a barnacled rune of Zot
 31848 | Shoals:4 | Reached skill level 16 in Conjurations
 32336 | Spider:2 | Offered knowledge of Fire Storm by Vehumet.
 32336 | Spider:2 | Offered knowledge of Shatter by Vehumet.
 32336 | Spider:2 | Offered knowledge of Maxwell's Capacitive Coupling by
                  | Vehumet.
 32419 | Spider:2 | Noticed Asterion
 32424 | Spider:2 | Killed Asterion
 32718 | Spider:2 | Reached XP level 19. HP: 142/142 MP: 13/36
 33424 | Spider:3 | Identified the +6 flail of the Tomato {freeze, rCorr Str+5}
 33645 | Spider:3 | Reached skill level 17 in Conjurations
 34673 | D:6      | Bought a book of Unlife for 396 gold pieces
 34680 | D:6      | Learned a level 5 spell: Borgnjor's Vile Clutch
 34900 | Spider:4 | Entered Level 4 of the Spider Nest
 34953 | Spider:4 | Reached skill level 1 in Necromancy
 34953 | Spider:4 | Reached skill level 1 in Earth Magic
 35246 | Spider:4 | Reached skill level 1 in Evocations
 36105 | Spider:4 | Got a gossamer rune of Zot
 36518 | Vaults:1 | Entered Level 1 of the Vaults
 36802 | Vaults:1 | Found a runed translucent gate.
 36802 | Vaults:1 | Found a runed translucent gate.
 36802 | Vaults:1 | Noticed quinnr's ghost (adept TeAE)
 36803 | Vaults:1 | Found a runed translucent gate.
 36842 | Vaults:1 | Killed quinnr's ghost
 37025 | Vaults:1 | Identified the +1 robe of Starshine {Will- Dex+5 Slay+3
                  | Archmagi}
 37028 | Vaults:1 | Reached XP level 20. HP: 153/153 MP: 28/37
 38066 | Vaults:2 | Reached skill level 5 in Evocations
 38193 | Vaults:2 | Paralysed by a great orb of eyes for 4 turns
 38586 | Vaults:2 | You fall into a shaft and drop 1 floor!
 38613 | Vaults:3 | Reached skill level 15 in Spellcasting
 38633 | Vaults:3 | HP: 2/153 [ironbound frostheart/creeping frost (11)]
 38766 | Vaults:3 | Learned a level 7 spell: Spellforged Servitor
 39274 | Vaults:2 | Found a staircase to the Crypt.
 39765 | Vaults:3 | Reached skill level 5 in Necromancy
 39765 | Vaults:3 | Reached skill level 5 in Earth Magic
 39911 | Vaults:3 | Paralysed by a great orb of eyes for 5 turns
 39918 | Vaults:3 | Reached skill level 1 in Summonings
 39980 | Vaults:3 | Reached XP level 21. HP: 159/159 MP: 40/40
 40111 | Vaults:3 | Identified the +2 robe "Hell" {rC- rN+ Dex+2}
 40142 | Vaults:3 | Found a portal to a secret trove of treasure.
 40886 | Vaults:3 | Acquired the +4 tower shield "Fuith" {Int+4}
 40943 | Vaults:4 | Reached skill level 18 in Conjurations
 41337 | Vaults:4 | Noticed Mara
 41340 | Vaults:4 | Noticed wingedge's illusion
 41345 | Vaults:4 | Killed Mara
 41787 | Vaults:4 | Found Xutot's Distillery.
 41795 | Vaults:4 | Bought a potion of heal wounds for 90 gold pieces
 41795 | Vaults:4 | Bought a potion of magic for 144 gold pieces
 41801 | Vaults:4 | Bought 2 potions of invisibility for 288 gold pieces
 41801 | Vaults:4 | Bought a potion of cancellation for 144 gold pieces
 41997 | Vaults:4 | Reached XP level 22. HP: 69/169 MP: 22/41
 42619 | Slime:1  | Entered Level 1 of the Pits of Slime
 42736 | Slime:2  | Noticed Dissolution
 42742 | Slime:2  | Killed Dissolution
 43122 | Slime:5  | Entered Level 5 of the Pits of Slime
 43468 | Slime:5  | Found a viscous altar of Jiyva.
 43557 | Slime:5  | Noticed the Royal Jelly
 43570 | Slime:5  | Killed the Royal Jelly
 43595 | Slime:5  | HP: 5/172 [rockslime[the Royal Jelly] (18)]
 43894 | Slime:5  | Got a slimy rune of Zot
 43904 | Slime:5  | Identified the +1 scale mail of the Shoals {rPois Dex+2}
 43942 | Slime:5  | Identified the +3 quarterstaff "Wexzuguw" {elec, Will+++
                  | Str-4}
 44399 | Vaults:3 | You showed the slimy rune of Zot to enter a treasure trove
 44400 | Trove    | Entered a treasure trove
 44402 | Trove    | Found the +8 lance "Wyrmbane" {slay drac, rPois rF+ rC+
                  | AC+3}
 44404 | Trove    | Identified the +9 rapier of Mandamus {venom, rElec rN+}
 44405 | Trove    | Identified the +7 eveningstar of the Hurling Moth {spect,
                  | rElec rF+ rC- Str+3}
 44411 | Trove    | Identified the +11 executioner's axe "Qixt" {antimagic,
                  | rPois Str+4 Dex+3}
 44422 | Trove    | Identified the +4 great sword of Seerr {freeze, Fragile
                  | rElec rC++ Str+2 Int-5}
 44639 | Elf:1    | Entered Level 1 of the Elven Halls
 44646 | Elf:1    | Reached skill level 5 in Summonings
 44682 | Elf:1    | Identified the +1 ring mail "Ceuggy" {Dex+4}
 44746 | Elf:1    | Found a flickering gateway to a bazaar.
 44755 | Bazaar   | Entered a bazaar
 44755 | Bazaar   | Found Dumead's Book Emporium.
 44762 | Bazaar   | Found Zezuxt's Magic Scroll Shop.
 44777 | Bazaar   | Found Ijotz's General Store.
 44788 | Bazaar   | Found Waan's Antique Weapon Shop.
 44824 | Bazaar   | Bought a book of Armaments for 396 gold pieces
 44824 | Bazaar   | Bought a book of Alchemy for 308 gold pieces
 44832 | Bazaar   | Bought a scroll of enchant armour for 112 gold pieces
 44838 | Bazaar   | Learned a level 2 spell: Sublimation of Blood
 44844 | Bazaar   | Learned a level 5 spell: Lee's Rapid Deconstruction
 44865 | Elf:1    | Noticed Kirke
 44872 | Elf:1    | Killed Kirke
 45170 | Elf:1    | Reached skill level 1 in Maces & Flails
 45551 | Elf:1    | Identified the +0 leather armour of Roasuem {Dex+2}
 45921 | Elf:2    | Reached XP level 23. HP: 178/178 MP: 21/43
 46495 | Elf:2    | Found a runed translucent door.
 46520 | Elf:2    | Found a runed translucent door.
 47326 | Elf:2    | Reached skill level 15 in Fire Magic
 47826 | Elf:3    | Entered Level 3 of the Elven Halls
 47828 | Elf:3    | Reached skill level 5 in Maces & Flails
 47839 | Elf:3    | Found a magical portal.
 47847 | WizLab   | Entered Iskenderun's Mystic Tower
 49220 | WizLab   | Learned a level 2 spell: Blink
 49838 | Elf:3    | Found Hiahua Juaf's Book Shoppe.
 49838 | Elf:3    | Found Dukieh's Jewellery Boutique.
 49839 | Elf:3    | Found Qofucy Hava's Book Shoppe.
 49884 | Elf:3    | Found a runed translucent gate.
 49885 | Elf:3    | Found a runed translucent gate.
 49886 | Elf:3    | Found a runed translucent gate.
 49887 | Elf:3    | Noticed Hynwimna's ghost (veteran MiGl)
 49913 | Elf:3    | Paralysed by an air elemental for 1 turns
 50555 | Elf:3    | Killed Hynwimna's ghost
 50670 | Elf:3    | Identified the +2 helmet of the Unstoppable Knives {Dex+4}
 50920 | Elf:3    | Reached skill level 1 in Armour
 50922 | Elf:3    | Identified the ring "Ottass" {Fly rF++ rC- rCorr Slay+6}
 50931 | Elf:3    | Reached XP level 24. HP: 155/185 MP: 29/43
 50951 | Elf:3    | Reached skill level 5 in Polearms
 50958 | Elf:3    | Identified the +0 war axe "Orb Guardian's Peril" {protect,
                  | Contam rElec rC+ SInv} (You took it off a deep elf
                  | demonologist on level 3 of the Elven Halls)
 50978 | Elf:3    | Identified the amulet "Zebbippa" {Spirit rC- Dex+4 SInv
                  | Stlth+}
 51327 | Elf:3    | Found the amulet of Elemental Vulnerability {rPois rF--
                  | rC-- AC+8}
 51447 | Elf:3    | Bought a manual of Polearms for 1200 gold pieces
 51720 | Lair:5   | Voluntarily entered the Abyss.
 51938 | Abyss:2  | Reached skill level 5 in Armour
 51960 | Abyss:2  | Gained mutation: You possess an exceptional clarity of
                  | mind. [a neqoxec]
 52372 | Abyss:3  | Paralysed by accursed screaming for 1 turns
 52381 | Abyss:3  | Found a corrupted altar of Lugonu.
 52571 | Abyss:3  | Paralysed by you for 4 turns
 52768 | Abyss:4  | Found a corrupted altar of Lugonu.
 53119 | Abyss:4  | Reached XP level 25. HP: 143/192 MP: 20/43
 53139 | Abyss:4  | HP: 5/192 [metal wall collision (5)]
 53141 | Abyss:4  | Killed from afar by a quicksilver elemental

Illustrated notes

Levels and vault maps discovered:
D:1:      elethiomel_arrival_infinity_welcomes_careful_drivers, layout_basic,
          hellmonk_ecumenical_altar_heavens_door
D:2:      layout_rooms
D:3:      layout_loops_ring, ashenzari_conservatory_becter, serial_shops, shop
D:4:      minmay_skewed_foursquare, layout_rooms,
          minmay_temple_entry_statues_pillars, uniq_pikel, uniq_menkaure,
          uniq_crazy_yiuf_cottage
D:5:      layout_loops_corners, grunt_dithmenos_shadows,
          mainiacjoe_overflow_catwalk, trog_ov_bears_minmay,
          portal_sewer_entry_b, pf_guarded_unrand_woodcutter, uniq_grinder,
          uniq_blork_the_orc
D:6:      layout_rooms, nicolae_overflow_crystal_walls, nicolae_evil_shop
D:7:      layout_cave_pools, mainiacjoe_overflow_brackets,
          okawaru_ov_weapons_minmay, nicolae_hepliaklqana_hippocampus,
          minmay_statues_item
D:8:      layout_loops_corners, nicolae_tso_swordbearing_angel,
          lemuel_crystal_altar, lair_entry_dummy, serial_shops,
          kennysheep_mini_moat, enter_bailey_5
D:9:      layout_basic, nicolae_kikubaaqudgha_miasma_corner,
          nicolae_ru_path_of_blood
D:10:     layout_loops_cross, tgw_fedhas, serial_shops, shop,
          nicolae_diamond_shop
D:11:     layout_rooms, orc_david_3, serial_shops, nicolae_shop_stone,
          uniq_psyche
D:12:     layout_loops_ring
D:13:     layout_cave_pools, ebering_ghost_rock_garden, gauntlet_entry_generic
D:14:     layout_irregular_city, david_vaults_3, serial_park_fountain,
          kennysheep_pointless_box, chequers_garden, uniq_josephine,
          uniq_louise, uniq_lodul
D:15:     hangedman_depths_entry_civil_slaughter, layout_irregular_city
Temple:   dpeg_three_leaves_temple
Lair:1:   layout_roguey, basic_altar
Lair:2:   layout_regular_city, infiniplex_staircase_pool, serial_bayou_shore_a,
          uniq_fannar
Lair:3:   layout_gridlike, elwin_shoals_entry_rocks,
          nicolae_spider_entry_tight_spaces, infiniplex_staircase_pool_2,
          serial_bayou_shore_b
Lair:4:   layout_gridlike, minmay_slime_entry_oklob_open, serial_bayou_crossing
Lair:5:   hellmonk_lair_end_abyssal_woods, layout_gridlike
Shoals:1: layout_shoals, nicolae_shoals_enchanted_isle
Shoals:2: layout_shoals, nicolae_shop_vocational
Shoals:3: layout_shoals
Shoals:4: shoals_end_hellmonk_storm_palace [storm_palace_center_ruins,
          storm_palace_corner_reverse_hut, storm_palace_corner_narrow,
          storm_palace_corner_narrow, storm_palace_corner_narrow], serial_shops
Spider:1: layout_spider_delve, uniq_rupert
Spider:2: layout_spider_delve, uniq_asterion
Spider:3: layout_spider_delve, drop_trap
Spider:4: spider_rune_water, drop_trap
Slime:1:  layout_caves, cheibrodos_slime_lost_civilization_4
Slime:2:  layout_caves, dissolution_awaits
Slime:3:  layout_caves
Slime:4:  cheibrodos_slime_lost_civilization_2, layout_caves
Slime:5
Orc:1:    layout_caves, serial_shops, shop
Orc:2:    st_orc_rangers, layout_caves, serial_shops, nicolae_square_shop,
          nicolae_shop_firing_range
Elf:1:    layout_gridlike, serial_shops, bzr_entry_customers,
          kennysheep_underground_church, uniq_kirke
Elf:2:    nicolae_elf_blades_splatter_lattice
          [nicolae_blade_entry_splitting_headache], layout_loops_corners,
          lemuel_elevator
Elf:3:    minmay_elf_hall_hex, layout_geoelf_grid, gammafunk_ghost_tricky_traps,
          mu_enter_wizlab_4, minivault_16, hangedman_elf_targetted_burst,
          minmay_shop_grove
Vaults:1: biasface_ghost_orc_armoury, vaults_dpeg_diagonal,
          ontoclasm_vaults_shout, v_misc_9, nicolae_vaults_angled_halls,
          vaults_room_boxed, v_misc_25, nicolae_vaults_three_branches,
          nicolae_vaults_yaktaur_gun_rack, vaults_standard_mumra_x,
          layout_vaults_maze_snakey
Vaults:2: grunt_vaults_focal, minmay_crypt_entry_simple_box,
          ontoclasm_vaults_chip, ontoclasm_vaults_hangar,
          ontoclasm_vaults_fault, st_more_cells, layout_vaults_omnigrid
Vaults:3: nicolae_vaults_asterisk, dpeg_vaults_pockets_of_resistance, v_rooms_4,
          nicolae_vaults_puzzle_piece, v_rooms_2, v_pattern_1, v_misc_12,
          vaults_dpeg_emergency_exit, layout_vaults_ring,
          nicolae_trove_entry_crossroad
Vaults:4: vaults_mumra_minichess_inversion, nicolae_vaults_big_ls,
          vaults_room_pools, v_pattern_4, nicolae_vaults_circle_grid_a,
          nicolae_vaults_murderbox, grunt_vaults_swirl, v_misc_29,
          ontoclasm_vaults_spin, nicolae_vaults_angled_halls,
          layout_vaults_omnibox, serial_shops, shop, uniq_mara
Abyss:4:  base: D:12, spicy_abyss_planar_alliance,
          hangedman_classic_abyss_death, minivault_4, minivault_28

Skill      XL: |  1  2  3  4  5  6  7  8  9 10 11 12 13 14 15 16 17 18 19 20 21 22 23 24 |
---------------+-------------------------------------------------------------------------+-----
Conjurations   | 1 2 3 4 6 8 9 12 13 14 15 16 17 18 | 18.7
Spellcasting   | 2 3 4 5 6 8 9 10 11 12 13 15 16 | 16.3
Ice Magic      | 1 2 4 5 6 7 |  7.0
Transmutations | 1 2 4 |  4.0
Fighting       | 2 4 5 6 7 9 10 12 13 14 | 14.4
Dodging        | 3 5 6 8 9 10 11 12 | 12.0
Fire Magic     | 5 7 8 10 11 13 14 15 | 15.9
Axes           | 2 3 4 6 7 8 |  8.9
Shields        | 4 5 7 9 10 11 13 14 | 14.0
Throwing       | 5 |  5.0
Air Magic      | 2 4 |  4.0
Necromancy     | 3 5 7 |  7.0
Earth Magic    | 3 5 7 8 |  8.9
Evocations     | 3 6 |  6.0
Summonings     | 1 4 5 6 |  6.0
Maces & Flails | 2 5 |  5.5
Polearms       | 4 7 |  7.7
Armour         | 2 7 |  7.0

Action                   |  1- 3 |  4- 6 |  7- 9 | 10-12 | 13-15 | 16-18 | 19-21 | 22-24 | 25-27 || total
-------------------------+-------+-------+-------+-------+-------+-------+-------+-------+-------++-------
Melee: Spear             |    80 |     5 |       |       |       |       |       |       |       ||    85
       Hand axe          |       |     6 |    30 |       |       |       |       |       |       ||    36
       Battleaxe         |       |       |    13 |    12 |       |       |       |       |       ||    25
       Kick              |       |       |     5 |    14 |       |       |       |       |       ||    19
       Whip              |       |       |     4 |       |       |       |       |       |       ||     4
       Staff             |       |       |     2 |       |       |     2 |     3 |     4 |       ||    11
       War axe           |       |       |       |    45 |    98 |    54 |    68 |    45 |       ||   310
       Short sword       |       |       |       |     2 |     2 |       |       |       |       ||     4
       Eveningstar       |       |       |       |       |       |       |       |    85 |     5 ||    90
       Lance             |       |       |       |       |       |       |       |    70 |       ||    70
 Fire: Sling             |       |     3 |       |       |       |       |       |       |       ||     3
Throw: Javelin           |       |       |       |       |       |    11 |     3 |     1 |       ||    15
       Throwing net      |       |       |       |       |       |       |     4 |     1 |     1 ||     6
 Cast: Foxfire           |    47 |    60 |   103 |    46 |     1 |       |       |       |       ||   257
       Freeze            |       |    32 |    25 |     1 |     1 |       |       |       |       ||    59
       Ozocubu's Armour  |       |     2 |    17 |    13 |    19 |     5 |     9 |    21 |       ||    86
       Frozen Ramparts   |       |     1 |    15 |    13 |     1 |       |       |       |       ||    30
       Wereblood         |       |     1 |     3 |     9 |    14 |     1 |     3 |     2 |       ||    33
       Hailstorm         |       |       |    20 |   130 |    63 |    49 |    22 |    13 |       ||   297
       Sticky Flame      |       |       |     8 |    49 |    44 |    16 |    13 |     3 |       ||   133
       Fireball          |       |       |       |    25 |   303 |   280 |   240 |   120 |     1 ||   969
       Starburst         |       |       |       |    19 |    82 |    59 |    69 |    64 |     2 ||   295
       Orb of Destructio |       |       |       |       |    13 |    90 |   182 |   202 |     1 ||   488
       Conjure Ball Ligh |       |       |       |       |       |     4 |     3 |       |       ||     7
       Borgnjor's Vile C |       |       |       |       |       |       |    14 |     6 |       ||    20
       Spellforged Servi |       |       |       |       |       |       |    10 |    54 |       ||    64
       Lee's Rapid Decon |       |       |       |       |       |       |       |   191 |     1 ||   192
       Sublimation of Bl |       |       |       |       |       |       |       |    40 |     1 ||    41
       Blink             |       |       |       |       |       |       |       |     2 |       ||     2
Evoke: Wand              |       |     3 |     7 |     1 |       |       |       |     6 |       ||    17
       Phial of floods   |       |       |       |       |       |     1 |       |       |       ||     1
       Box of beasts     |       |       |       |       |       |       |       |     1 |     1 ||     2
  Use: Potion            |       |       |     6 |     2 |     3 |     7 |    20 |    19 |     7 ||    64
       Scroll            |       |       |       |    12 |     9 |    14 |    11 |    12 |     1 ||    59
 Stab: Sleeping          |     2 |     1 |       |       |       |       |     1 |       |       ||     4
       Distracted        |       |       |       |       |       |       |     1 |     3 |       ||     4
Armor: Robe              |    16 |     5 |    30 |    11 |    20 |    65 |   107 |    78 |       ||   332
       Troll leather arm |       |       |       |    19 |    91 |       |       |       |       ||   110
Dodge: Dodged            |    43 |    27 |    76 |    74 |   137 |   112 |   195 |   236 |     6 ||   906
       Repelled          |       |       |       |       |       |       |     2 |    29 |     1 ||    32
Block: Buckler           |    13 |     9 |    24 |    20 |    52 |       |       |       |       ||   118
       Kite shield       |       |       |       |       |    43 |   163 |   231 |       |       ||   437
       Tower shield      |       |       |       |       |       |       |    58 |   456 |    16 ||   530

Table legend: (Time is in decaauts)
 A = Elapsed time spent in this place.
 B = Non-inter-level travel time spent in this place.
 C = Inter-level travel time spent in this place.
 D = Time resting spent in this place.
 E = Time spent auto-exploring this place.
 F = Levels seen in this place.
 G = Mean time per level.
                   A        B        C        D        E       F      G
               +--------+--------+--------+--------+--------+-----+--------+
         Total |  53422 |  48435 |   4987 |  11856 |  25071 |  53 | 1008.0 |
       Dungeon |  16957 |  15084 |   1873 |   3043 |   9241 |  15 | 1130.5 |
        Temple |     16 |     16 |      0 |      0 |      0 |   1 |   16.0 |
          Lair |   6966 |   5866 |   1100 |   1560 |   3334 |   5 | 1393.2 |
        Shoals |   5509 |   5333 |    176 |   1808 |   2215 |   4 | 1377.2 |
   Spider Nest |   5039 |   4323 |    716 |    733 |   2559 |   4 | 1259.8 |
    Slime Pits |   1440 |   1390 |     50 |    520 |    320 |   5 |  288.0 |
  Orcish Mines |   1937 |   1801 |    136 |    182 |   1246 |   2 |  968.5 |
   Elven Halls |   5091 |   4760 |    331 |   1146 |   2454 |   3 | 1697.0 |
        Vaults |   6075 |   5473 |    602 |    877 |   3330 |   4 | 1518.8 |
         Abyss |   1405 |   1405 |      0 |    388 |      0 |   4 |  351.2 |
        Bazaar |    106 |    106 |      0 |      0 |      0 |   1 |  106.0 |
         Trove |     41 |     41 |      0 |      0 |      0 |   1 |   41.0 |
         Sewer |    135 |    135 |      0 |     13 |     64 |   1 |  135.0 |
        Bailey |    694 |    694 |      0 |    531 |     48 |   1 |  694.0 |
        Wizlab |   1630 |   1630 |      0 |    999 |    258 |   1 | 1630.0 |
      Gauntlet |    373 |    373 |      0 |     54 |      0 |   1 |  373.0 |
               +--------+--------+--------+--------+--------+-----+--------+

Top non-repeatable levels by time:
  Lair:3: 2315 daAuts
   Elf:2: 2235 daAuts
Shoals:4: 2112 daAuts
     D:5: 1707 daAuts
   Elf:3: 1669 daAuts
Shoals:1: 1660 daAuts
     D:1: 1658 daAuts
Vaults:2: 1652 daAuts
     D:4: 1646 daAuts
  WizLab: 1630 daAuts
Vaults:3: 1606 daAuts
     D:8: 1580 daAuts
Vaults:1: 1431 daAuts
Vaults:4: 1385 daAuts
Spider:3: 1372 daAuts
